 Dungeon Crawl Stone Soup version 0.27.1-3-gb3d3a73c9e (webtiles) character file.

Game seed: 10018177941001960864

23 sable the Firebug (level 3, -3/20 HPs)
             Began as a Gargoyle Fire Elementalist on Oct 30, 2021.
             Slain by a goblin (5 damage)
             ... led by Robin
             ... on level 2 of the Dungeon.
             The game lasted 00:11:44 (1551 turns).

sable the Firebug (Gargoyle Fire Elementalist)      Turns: 1551, Time: 00:11:45

Health: -3/20      AC:  5    Str: 11    XL:     3   Next: 0%
Magic:  0/6        EV: 12    Int: 16    God:
Gold:   15         SH:  0    Dex: 10    Spells: 5/6 levels left

rFire    . . .     SeeInvis .   d - +0 trident
rCold    . . .     Faith    .   (no shield)
rNeg     + . .     Spirit   .   a - +0 robe
rPois    ∞         Reflect  .   (no helmet)
rElec    +         Harm     .   (no cloak)
rCorr    .         Rampage  .   (no gloves)
Will     .....                  (no boots)
Stlth    ++........             (no amulet)
HPRegen  0.06/turn              (no ring)
MPRegen  0.10/turn              (no ring)

@: no status effects
A: sickness immunity, AC +3, negative energy resistance 1, electricity
resistance, torment resistance 1, petrification resistance
a: no special abilities


You were on level 2 of the Dungeon.
You visited 1 branch of the dungeon, and saw 2 of its levels.

You collected 15 gold pieces.

Inventory:

Hand Weapons
 d - a +0 trident (weapon)
Missiles
 b - 31 stones
Armour
 a - a +0 robe (worn)
Scrolls
 c - 2 scrolls of enchant armour {unknown}
 f - a scroll of summoning {unknown}
 g - 3 scrolls of blinking {unknown}
 h - a scroll of magic mapping {unknown}
Potions
 e - a potion of curing {unknown}
 i - a potion of heal wounds {unknown}


   Skills:
 * Level 0.5 Fighting
 * Level 0.4 Polearms
 + Level 2.0 Dodging
 + Level 2.2 Stealth
 + Level 2.0 Spellcasting
 + Level 1.1 Conjurations
 + Level 3.4 Fire Magic


You had 5 spell levels left.
You knew the following spells:

 Your Spells              Type           Power      Damage    Failure   Level
a - Foxfire               Conj/Fire      32%        2x1d5     9%          1

Your spell library contained the following spells:

 Spells                   Type           Power      Damage    Failure   Level
 Conjure Flame            Conj/Fire      8%         6-21      24%         3
 Inner Flame              Hex/Fire       7%         N/A       30%         3
 Sticky Flame             Conj/Fire      8%         2d3       63%         4
 Fireball                 Conj/Fire      4%         3d4       92%         5


Dungeon Overview and Level Annotations

Branches:
Dungeon (2/15)

Altars:

Shops:
D:1 (

Annotations:
D:2 Robin


Innate Abilities, Weirdness & Mutations

You are immune to sickness and miasma.
Your stone body is resilient. (AC +3)
You are immune to poison.
You resist negative energy. (rN+)
You are resistant to electric shocks. (rElec)
You are resistant to unholy torment.
You are immune to petrification.


Message History

You barely miss the goblin. The goblin hits you with a +0 dagger.
Robin points. "Kill!"
The goblin completely misses you. The hobgoblin hits you.
The goblin hits you but does no damage. Robin throws the goblin at you!
You barely miss the goblin. The goblin hits you with a +0 club.
The goblin misses you. The hobgoblin closely misses you.
The goblin barely misses you.
Robin's bangles clink loudly.
Robin throws the goblin at you! The goblin hits you but does no damage.
The goblin closely misses you. The goblin hits you with a +0 club.
The goblin closely misses you.
Your magical contamination has completely faded away.
You hit the goblin.
You kill the goblin!
The hobgoblin barely misses you. The goblin closely misses you.
The goblin barely misses you. The goblin hits you with a +0 club.
* * * LOW HITPOINT WARNING * * *
The goblin closely misses you.
You have reached level 3!
Your experience leads to an increase in your attributes!
Increase (S)trength, (I)ntelligence, or (D)exterity?
Uppercase letters only, please.
You feel clever.
Casting: Foxfire (safe; 9% risk of failure)
Confirm with . or Enter, or press ? or * to list all spells.
You conjure some foxfire!
The hobgoblin barely misses you. The goblin misses you.
Robin barely misses you. The goblin barely misses you.
The goblin closely misses you. The goblin completely misses you.
You hit the goblin.
The goblin is severely wounded.
The goblin no longer looks unusually strong.
The foxfire hits the goblin.
You kill the goblin!
The foxfire hits the goblin.
You kill the goblin!
The hobgoblin misses you. Robin throws the goblin at you!
The goblin hits you but does no damage. The hobgoblin hits you.
* * * LOW HITPOINT WARNING * * *
The goblin misses you. The goblin hits you with a +0 dagger.
You die...

............##.)...##
...............>....##
.....................#
...........†.........#
.....................#
.....................#
......<..............#
.....)....gggg.......#
.......))...@)......##
......#....g#§.....## #
.....########.....## #
###.# #.....# #### #.#
#.....#
....###.#########.....#
.##...#...>..<.##.....#
...............#......#
#####.................#


You could see Robin, a hobgoblin (strong) and 3 goblins.

Vanquished Creatures
  4 bats
  2 endoplasms
  A giant cockroach (D:1)
  7 goblins
  4 hobgoblins (D:1)
  A quokka (D:1)
  A ball python (D:1)
  2 rats
22 creatures vanquished.

Vanquished Creatures (others)
  16 foxfires
  2 plants (D:1)
18 creatures vanquished.

Grand Total: 40 creatures vanquished

Notes
Turn   | Place    | Note
-------+----------+-------------------------------------------
     0 | D:1      | sable the Gargoyle Fire Elementalist began the quest for
                  | the Orb.
     0 | D:1      | Reached XP level 1. HP: 10/10 MP: 3/3
   461 | D:1      | Found Daon's Antique Weapon Shoppe.
   540 | D:1      | Reached XP level 2. HP: 15/15 MP: 5/5
  1536 | D:2      | Noticed Robin
  1550 | D:2      | Reached XP level 3. HP: 4/20 MP: 1/6
  1551 | D:2      | Slain by a goblin

Illustrated notes

Levels and vault maps discovered:
D:1:      sevenhm_arrival_forest_fort_small_4, layout_rooms, serial_shops, shop,
          serial_forest, infiniplex_forest_3_way, infiniplex_forest_clump_long,
          infiniplex_forest_straight_2, infiniplex_forest_lined_room_,
          infiniplex_forest_end_1, minmay_distorted
D:2:      layout_rooms, uniq_natasha, uniq_robin

Skill      XL: |  1  2 |
---------------+-------+-----
Dodging        | 2 |  2.0
Fighting       | |  0.5
Polearms       | |  0.4
Stealth        | |  2.2
Spellcasting   | |  2.0
Conjurations   | |  1.1
Fire Magic     | |  3.4

Action                   || total
-------------------------++-------
Melee: Unarmed           ||    37
       Trident           ||    55
 Cast: Foxfire           ||     9
 Stab: Sleeping          ||     1
Armor: Robe              ||    45
Dodge: Dodged            ||    85
